 Dungeon Crawl Stone Soup version 0.31-a0-692-gf03d1854d5 (webtiles) character file.

Game seed: 12482805522824636090

120 qw the Shooter (level 5, -2/32 HPs)
             Began as a Gargoyle Hunter on Sept 6, 2023.
             Slain by Pargi (5 damage)
             ... in a sewer.
             The game lasted 00:00:52 (1642 turns).

qw the Shooter (Gargoyle Hunter)                    Turns: 1642, Time: 00:00:52

Health: -2/32      AC: 11    Str: 12 (14) XL:     5   Next: 4%
Magic:  5/5        EV: 10    Int:  8 (10) God:
Gold:   99         SH:  0    Dex: 12 (15) Spells: 4/4 levels left

rFire   . . .        Y - +1 shortbow (freeze)
rCold   . . .        (shield currently unavailable)
rNeg    + . .        j - +0 ring mail
rPois   inf          (no helmet)
rElec   +            b - +0 cloak
rCorr   .            d - +0 pair of gloves "Forget-Me-Not" {rPois}
SInv    .            (no boots)
Will    .....        e - amulet of the acrobat
Stlth   +            (no ring)
HPRegen 0.25/turn    (no ring)
MPRegen 0.09/turn

%: acrobat
@: no status effects
A: sickness immunity, AC +4, negative energy resistance 1, electricity
resistance, torment resistance 1, petrification resistance
a: no special abilities


You were in a sewer.
You visited 1 branch of the dungeon, and saw 3 of its levels.
You also visited: Sewer.

You collected 99 gold pieces.


Innate Abilities, Weirdness & Mutations

You are immune to sickness and miasma.
Your stone body is resilient. (AC +4)
You are immune to poison.
You resist negative energy. (rN+)
You are resistant to electric shocks. (rElec)
You are resistant to unholy torment.
You are immune to petrification.


   Skills:
 - Level 3.4 Fighting
 + Level 5.4 Ranged Weapons
 - Level 1.2 Armour
 - Level 1.5 Dodging
 - Level 1.1 Stealth


You had 4 spell levels left.
You didn't know any spells.
Your spell library was empty.

Inventory:

Hand Weapons
 Y - a +1 shortbow of freezing (weapon)
Armour
 b - a +0 cloak (worn)
 d - the +0 pair of gloves "Forget-Me-Not" (worn) {rPois}
   (You found it on level 3 of the Dungeon)

   rPois:     It protects you from poison
 j - a +0 ring mail (worn)
Jewellery
 e - an amulet of the acrobat (around neck)
Scrolls
 g - 4 scrolls of identify
Potions
 a - a potion of curing

Dungeon Overview and Level Annotations

Branches:
Dungeon (3/15)              Sewer (1/1)

Altars:

Annotations:
Sewer Pargi


Message History

Pargi attacks as he pursues you! Pargi misses you. Pargi barely misses you.
Pargi closely misses you.
You shoot an arrow. The arrow closely misses Pargi.
Pargi clenches his claws.
Pargi bites you but does no damage. Pargi claws you. Pargi barely misses you.
You shoot an arrow. The arrow barely misses Pargi.
Pargi bites you. Pargi closely misses you. Pargi claws you but does no damage.
Pargi misses you. Pargi claws you but does no damage. Pargi claws you.
You shoot an arrow. The arrow closely misses Pargi.
Pargi bites you. Pargi claws you but does no damage. Pargi misses you.
You shoot an arrow. The arrow barely misses Pargi.
Pargi bites you. Pargi claws you but does no damage. Pargi barely misses you.
You shoot an arrow. The arrow closely misses Pargi.
Pargi bites you but does no damage. Pargi claws you.
Pargi claws you but does no damage.
You shoot an arrow. The arrow barely misses Pargi.
Pargi barely misses you. Pargi misses you. Pargi claws you. Pargi bites you.
Pargi claws you but does no damage. x2
You shoot an arrow. The arrow hits Pargi!
The arrow freezes Pargi.
Pargi is moderately wounded.
Pargi bites you but does no damage. Pargi claws you but does no damage. x2
You shoot an arrow.
The arrow hits Pargi but does no damage.
Pargi is moderately wounded.
Pargi bites you. Pargi claws you but does no damage. Pargi barely misses you.
You shoot an arrow. The arrow closely misses Pargi.
Pargi bites you but does no damage. Pargi claws you but does no damage. x2
You shoot an arrow. The arrow closely misses Pargi.
Pargi closely misses you. Pargi claws you but does no damage.
Pargi barely misses you.
You shoot an arrow. The arrow closely misses Pargi.
Pargi barely misses you. Pargi claws you but does no damage.
Pargi barely misses you. Pargi bites you. Pargi claws you but does no damage.
Pargi barely misses you.
You shoot an arrow. The arrow hits Pargi!
The arrow freezes Pargi.
Pargi is moderately wounded.
Pargi bites you. Pargi claws you but does no damage. Pargi claws you.
You shoot an arrow. The arrow closely misses Pargi.
Pargi bites you.
You die...

#~~~~~~.## ##~~~~~.#
#~~~~~.## #~~~~~..#
#~~~~~~.####
##~~~~~~...##
#~~~~~~~~.~~# .
##~~~~~~~~~.##### ..~
##~~~~~~~~~~@#.#..~~~
#~~~~~~~~~~~T~~.~~~~
#~~~~~~~~~~~~~~~~~~~
##~~~~~~~~~~~~~~~~~~
###~~~~~~~~~~~~~~~~
##~~~~~~~~~~~~~~~
##~~~~~~~~~~~~~~
####~~~#~~~~~~# #~~#
##~~###


You could see Pargi.

Vanquished Creatures
  An iguana (D:2)
  2 adders (D:2)
  A worm (D:3)
  3 dart slugs (D:1)
  4 orcs (D:3)
  3 bats
  An endoplasm (D:2)
  6 giant cockroaches
  2 goblins
  7 hobgoblins
  6 kobolds
  7 quokkas
  6 ball pythons
  6 frilled lizards
  10 rats
65 creatures vanquished.

Notes
Turn   | Place    | Note
-------+----------+-------------------------------------------
     0 | D:1      | qw the Gargoyle Hunter began the quest for the Orb.
     0 | D:1      | Reached XP level 1. HP: 12/12 MP: 1/1
     0 | D:1      | 0 ||| qw: Version: 0.3-a-76-g4403597
     0 | D:1      | 0 ||| qw: Game counter: 288
     0 | D:1      | 0 ||| qw: Melee chars always use a shield: true
     0 | D:1      | 0 ||| qw: God list: Okawaru
     0 | D:1      | 0 ||| qw: Allow faded altars: false
     0 | D:1      | 0 ||| qw: Do Orc after clearing Dungeon:15 true
     0 | D:1      | 0 ||| qw: Do second Lair branch before Depths: true
     0 | D:1      | 0 ||| qw: Lair rune preference: random
     0 | D:1      | 0 ||| qw: Goals: Normal
     0 | D:1      | 0 ||| PLANNING D:1-11
   164 | D:1      | Reached XP level 2. HP: 17/17 MP: 2/2
   389 | D:1      | Reached XP level 3. HP: 21/21 MP: 3/3
   544 | D:1      | Reached skill level 5 in Ranged Weapons
   767 | D:1      | 767 ||| UPGRADING to +0 ring mail.
   777 | D:1      | 777 ||| DROPPING +0 leather armour.
   778 | D:1      | 778 ||| UPGRADING to amulet of the acrobat.
   783 | D:1      | 783 ||| READING scroll labelled JIBAKHL NIRHU.
   784 | D:1      | 784 ||| READING 2 scrolls labelled PUAZXA JONOGO.
   785 | D:1      | 785 ||| READING scroll labelled JAYTRIOSIQ.
   786 | D:1      | 786 ||| READING scroll labelled MOOSMY YPTIA.
   791 | D:1      | 791 ||| READING scroll labelled KUBBUOGUHA.
   792 | D:1      | 792 ||| READING scroll labelled KEISHRAIHAI.
   793 | D:1      | 793 ||| DRINKING 2 grey potions.
   794 | D:1      | 794 ||| DROPPING scroll of butterflies.
   795 | D:1      | 795 ||| DROPPING potion of brilliance.
   843 | D:2      | Found a faded altar of an unknown god.
   875 | D:2      | Reached skill level 1 in Armour
  1048 | D:2      | Reached XP level 4. HP: 27/27 MP: 4/4
  1058 | D:2      | Reached skill level 3 in Fighting
  1202 | D:2      | 1202 ||| UPGRADING to +0 cloak.
  1207 | D:2      | 1207 ||| READING scroll labelled CEANON QEMACO.
  1208 | D:2      | 1208 ||| DRINKING 2 orange potions.
  1209 | D:2      | 1209 ||| DRINKING 2 fuming golden potions.
  1210 | D:2      | 1210 ||| READING 3 scrolls of identify.
  1210 | D:2      | 1210 ||| IDENTIFYING fizzy brown potion
  1211 | D:2      | 1211 ||| DROPPING potion of ambrosia.
  1212 | D:2      | 1212 ||| DROPPING potion of degeneration.
  1252 | D:3      | 1252 ||| PLANNING SEWER
  1337 | D:3      | Identified the +0 pair of gloves "Forget-Me-Not" {rPois}
  1401 | D:3      | 1401 ||| FLEEEEING.
  1402 | D:3      | 1402 ||| FLEEEEING.
  1439 | D:3      | Identified the +6 chain mail of Zeprur {rC+ Int+3}
  1563 | D:3      | 1563 ||| Stepping ~*~*~tactically~*~*~ (water).
  1568 | D:3      | 1568 ||| Stepping ~*~*~tactically~*~*~ (water).
  1570 | D:3      | 1570 ||| Stepping ~*~*~tactically~*~*~ (water).
  1577 | D:3      | 1577 ||| Stepping ~*~*~tactically~*~*~ (water).
  1582 | D:3      | Found a glowing drain.
  1584 | D:3      | Reached XP level 5. HP: 32/32 MP: 5/5
  1584 | D:3      | 1584 ||| UPGRADING to +0 pair of gloves "Forget-Me-Not"
                  | {rPois}.
  1589 | D:3      | 1589 ||| READING scroll labelled LIGAHY ZOOLAM.
  1590 | D:3      | 1590 ||| READING scroll labelled ARPHON LAFIEFFE.
  1591 | D:3      | 1591 ||| READING scroll labelled GUEDUITHOR.
  1594 | D:3      | 1594 ||| Stepping ~*~*~tactically~*~*~ (water).
  1603 | Sewer    | Entered a sewer
  1624 | Sewer    | Noticed Pargi
  1625 | Sewer    | 1625 ||| Stepping ~*~*~tactically~*~*~ (water).
  1627 | Sewer    | 1627 ||| Stepping ~*~*~tactically~*~*~ (water).
  1629 | Sewer    | 1629 ||| Stepping ~*~*~tactically~*~*~ (water).
  1637 | Sewer    | HP: 6/32 [Pargi (5)]
  1641 | Sewer    | HP: 2/32 [Pargi (2)]
  1642 | Sewer    | Slain by Pargi

Levels and vault maps discovered:
D:1:      dpeg_arrival_three_smaller_balls, layout_loops_ring
D:2:      layout_rooms, shapermc_ecumenical_altar_venn
D:3:      layout_basic, nzn_wu_jian_contemplation, gup_sewer_entry_pipe
Sewer:    sewer_co_pargi_island

Skill      XL: |  1  2  3  4 |
---------------+-------------+-----
Ranged Weapons | 5 |  5.4
Armour         | 1 |  1.2
Fighting       | 3 |  3.4
Dodging        | |  1.5
Stealth        | |  1.1

Action                     |  1- 3 |  4- 6 || total
---------------------------+-------+-------++-------
   Fire: Shortbow          |    80 |    99 ||   179
    Use: Scroll            |     6 |     5 ||    11
         Potion            |     1 |     2 ||     3
 Armour: Leather armour    |     3 |       ||     3
         Ring mail         |     4 |    50 ||    54
  Dodge: Dodged            |     2 |    33 ||    35

Table legend:
 A = Non-vault XP
 B = Vault XP
 C = Vault XP percentage of total XP
 D = Non-vault monster count
 E = Vault monster count
 F = Vault count percentage of total count
                 A         B        C        D         E       F
            +---------+---------+-------+---------+---------+-------
      Total |     156 |      16 |   9.3 |      55 |      10 |  15.4
            +---------+---------+-------+---------+---------+-------
        D:1 |      39 |       0 |   0.0 |      21 |       0 |   0.0
        D:2 |      82 |       0 |   0.0 |      17 |       0 |   0.0
        D:3 |      35 |      12 |  25.5 |      17 |       6 |  26.1
      Sewer |       0 |       4 | 100.0 |       0 |       4 | 100.0
            +---------+---------+-------+---------+---------+-------
